Map: Port Aleksander LE

Players

Mesrob

  • Race: Terran Terran
  • League: Platinum
  • Spawn Location: 11:00

JoshuaSmith - Winner!

  • Race: Protoss Protoss
  • League: Gold
  • Spawn Location: 5:00

VOD

Have the link to the VOD?

Description

Time

  • Played on: Feb. 1, 2019, 1:18 p.m.
  • Length: 3:09
Show
View Real Time Build Order
Export as new Build Order

Mesrob Terran 

Build Orders: 2 Factory 

Get SALT Encoding   

  12  0:01  SCV  
  13  0:13  SCV  
  14  0:18  Supply Depot  
  14  0:25  SCV  
  15  0:40  SCV  
  15  0:41  Barracks  
  16  0:46  Refinery  
  16  0:52  SCV  
  17  1:04  SCV  
  18  1:16  SCV  
  19  1:28  Orbital Command  
  19  1:37  Marine  
  20  1:45  Barracks  
  20  1:55  Supply Depot  
  20  1:57  Factory  
  20  2:06  Barracks Tech Lab  
  20  2:21  Command Center  
  19  2:33  Marine  
  20  2:42  Bunker  
  20  2:49  Factory  
  20  3:00  Refinery  
Show
View Real Time Build Order
Export as new Build Order

JoshuaSmith Protoss - Winner!

Build Orders:  

Get SALT Encoding   

  12  0:15  Pylon  
  12  0:23  Probe  
  13  0:35  Forge  
  13  0:37  Probe  
  14  0:49  Probe  
  15  0:54  Pylon  
  15  1:01  Probe  
  16  1:13  Probe  
  16  1:15  Photon Cannon  
  17  1:24  Gateway  
  17  1:41  Photon Cannon  
  17  1:46  Gateway  
  17  2:00  Gateway  
  17  2:10  Zealot  
  19  2:26  Zealot  
  19  2:31  Zealot  
Tags
 
Add a new tag
Caveats
  • Supply blocks, unpowered buildings, or Contaminate may cause inaccurate times.
  • Supply counts are checked every 10 seconds.